 Dungeon Crawl Stone Soup version 0.32-a0-131-g9dbbe29261 (webtiles) character file.

Game seed: 11700819256628861515

104581 RepHenryClay the Thaumaturge (level 16, -5/127 HPs)
             Began as a Gnoll Warper on Feb 7, 2024.
             Was a High Priest of Okawaru.
             Incinerated by a sun moth (20 damage)
             ... with a flurry of pyrophoric scales
             ... on level 1 of the Spider Nest on Feb 8, 2024.
             The game lasted 01:20:58 (36548 turns).

RepHenryClay the Thaumaturge (Gnoll Warper)        Turns: 36548, Time: 01:20:58

Health: -5/127     AC: 25    Str: 20 (22) XL:     16   Next: 39%
Magic:  27/32      EV: 13    Int: 17 (18) God:    Okawaru [*****.]
Gold:   2481       SH: 11    Dex: 12      Spells: 22/39 levels left

rFire   . . .        b - +4 short sword (venom)
rCold   . . .        O - +0 kite shield
rNeg    + + .        S - +8 scale mail of the Engineer {Harm rN++ Int+4}
rPois   +            n - +2 hat
rElec   +            j - +0 cloak
rCorr   .            R - +1 pair of gloves {infuse}
SInv    .            t - +1 pair of boots
Will    ++...        D - amulet of regeneration
Stlth   ++           E - ring of Virtue {rElec rPois Int+3}
HPRegen 1.21/turn    w - ring of willpower
MPRegen 0.23/turn

%: harm (+30% outgoing, +20% incoming), infuse magic (1 MP)
@: on fire, glowing
A: fangs 1, strong nose, distributed training, strong 1
a: Renounce Religion, Heroism, Finesse, Duel


You were on level 1 of the Spider Nest.
You worshipped Okawaru.
Okawaru was extremely pleased with you.
You visited 4 branches of the dungeon, and saw 23 of its levels.
You also visited: Bailey.

You collected 3708 gold pieces.
You spent 1227 gold pieces at shops.

Inventory:

Hand Weapons
 a - a +3 scimitar of flaming
 b - a +4 short sword of venom (weapon)
Missiles
 d - 7 darts of dispersal
 e - 25 boomerangs
 f - 6 atropa-tipped darts
 k - 18 javelins
 o - a silver javelin
 F - 12 curare-tipped darts
 G - 12 poisoned darts (quivered)
 K - 5 throwing nets
Armour
 j - a +0 cloak (worn)
 n - a +2 hat (worn)
 t - a +1 pair of boots (worn)
 N - the +2 chain mail of the Moon {rElec rPois rF+ Dex-3}
   (Okawaru gifted it to you on level 3 of the Lair of Beasts)

   Dex-3:     It affects your dexterity (-3).
   rF+:       It protects you from fire.
   rElec:     It insulates you from electricity.
   rPois:     It protects you from poison
 O - a +0 kite shield (worn)
 R - a +1 pair of gloves of infusion (worn)
 S - the +8 scale mail of the Engineer (worn) {Harm rN++ Int+4}
   (You bought it in a shop on level 2 of the Orcish Mines)

   Int+4:     It affects your intelligence (+4).
   rN++:      It greatly protects you from negative energy.
   Harm:      It increases damage dealt and taken.
Jewellery
 s - a ring of protection from cold
 u - a +4 ring of protection
 w - a ring of willpower (right hand)
 y - a ring of flight
 D - an amulet of regeneration (around neck)
 E - the ring of Virtue (left hand) {rElec rPois Int+3}
   (You bought it in a shop on level 2 of the Orcish Mines)

   [ring of poison resistance]

   Int+3:     It affects your intelligence (+3).
   rElec:     It insulates you from electricity.
   rPois:     It protects you from poison
 P - a ring of resist corrosion
 W - a ring of protection from fire
Wands
 g - a wand of paralysis (19)
 r - a wand of quicksilver (12)
 Q - a wand of mindburst (20)
 V - a wand of iceblast (1)
 Z - a wand of digging (10)
Scrolls
 c - 4 scrolls of blinking
 l - 2 scrolls of enchant armour
 m - 5 scrolls of teleportation
 q - 4 scrolls of immolation
 v - 4 scrolls of fog
 A - 5 scrolls of revelation
 M - 2 scrolls of fear
 T - a scroll of brand weapon
 X - 2 scrolls of identify {@r1}
Potions
 h - 3 potions of berserk rage
 i - 7 potions of might
 p - 2 potions of haste
 x - 2 potions of magic
 z - 10 potions of mutation
 B - 12 potions of curing
 C - a potion of ambrosia
 H - 2 potions of resistance
 I - a potion of cancellation
 J - 4 potions of enlightenment
 L - a potion of invisibility
 U - 2 potions of heal wounds
Miscellaneous
 Y - a condenser vane (inert)


   Skills:
 + Level 12.1 Fighting
 + Level 11.2 Short Blades
 + Level 11.2 Long Blades
 + Level 11.2 Axes
 + Level 12.1 Maces & Flails
 + Level 11.2 Polearms
 + Level 11.2 Staves
 + Level 11.2 Ranged Weapons
 + Level 11.5 Throwing
 + Level 11.5 Armour
 + Level 12.1 Dodging
 + Level 11.2 Stealth
 + Level 11.2 Shields
 + Level 11.2 Unarmed Combat
 + Level 12.2 Spellcasting
 + Level 9.5 Conjurations
 + Level 9.5 Hexes
 + Level 9.5 Summonings
 + Level 9.5 Necromancy
 + Level 10.9 Translocations
 + Level 9.5 Fire Magic
 + Level 9.5 Ice Magic
 + Level 9.5 Air Magic
 + Level 9.5 Earth Magic
 + Level 9.5 Alchemy
 + Level 12.2 Invocations
 + Level 11.2 Evocations
 + Level 10.3 Shapeshifting


You had 22 spell levels left.
You knew the following spells:

 Your Spells              Type           Power      Damage    Failure   Level
a - Magic Dart            Conj           100%       1d8       1%          1
b - Lesser Beckoning      Tloc           94%        N/A       1%          2
c - Manifold Assault      Tloc           47%        N/A       3%          4
d - Vhi's Electric Charg  Tloc/Air       90%        N/A       4%          4
e - Fulminant Prism       Conj/Alch      21%        3d12      6%          4
Q - Blink                 Tloc           94%        N/A       1%          2

Your spell library contained the following spells:

 Spells                   Type           Power      Damage    Failure   Level
 Ensorcelled Hibernation  Hex/Ice        84%        N/A       1%          2
 Searing Ray              Conj           84%        2d7       1%          2
 Fugue of the Fallen      Necr           42%        N/A       1%          3
 Ozocubu's Armour         Ice            42%        N/A       1%          3
 Passwall                 Erth           42%        N/A       1%          3
 Swiftness                Air            42%        N/A       1%          3
 Teleport Other           Tloc           47%        N/A       1%          3
 Dimensional Bullseye     Hex/Tloc       22%        N/A       4%          4
 Iskenderun's Mystic Bla  Conj/Tloc      45%        2d10      4%          4
 Olgreb's Toxic Radiance  Alch           42%        N/A       6%          4
 Lee's Rapid Deconstruct  Erth           21%        3d12*     16%         5
 Ozocubu's Refrigeration  Ice            21%        4d12      99%         7
 Discord                  Hex            21%        N/A       100%        8
 Tukima's Dance           Hex            Unusable   N/A       N/A         3
 Animate Armour           Summ/Erth      Unusable   N/A       N/A         4
 Summon Lightning Spire   Summ/Air       Unusable   N/A       N/A         4

Dungeon Overview and Level Annotations

Branches:
Dungeon (15/15)            Temple (0/1) D:4            Lair (5/5) D:8
 Shoals (0/4) Lair:3       Spider (1/4) Lair:3        Slime (0/5) Lair:5
    Orc (2/2) D:9             Elf (0/3) Orc:2        Vaults (0/5) D:14
 Depths (0/4) D:15         Bailey (visited)

Altars:
Ashenzari
Cheibriados
Dithmenos
Fedhas
Hepliaklqana
Kikubaaqudgha
Makhleb
Okawaru
Qazlal
Ru
Sif Muna
Uskayaw
Vehumet
Yredelemnul
Jiyva

Shops:
D:2 :   D:5 !   Orc:1 *   Orc:2 =[!*

Portals:
Pandemonium: Orc:2


Innate Abilities, Weirdness & Mutations

You have very sharp teeth.
Your uncanny sense of smell can sniff out nearby items.
Your experience applies equally to all skills.
Your muscles are strong. (Str +4, Int/Dex -1)


Message History

The culicivora bites you but does no damage.
The culicivora attacks as it pursues you!
The culicivora bites you but does no damage.
You see here a poisoned dart.
Huge Dmg: -14%(-18hp) hp: 38%(47hp) Welcome back, RepHenryClay the Gnoll Warper.
Okawaru says: Bring me glory in combat!
Press ? for a list of commands and other information.
You shake off some of the fire as you move.
The liquid fire burns you!
* * * LOW HITPOINT WARNING * * *
The sun moth swoops through the air toward you!
The sun moth bites you but does no damage.
The culicivora closely misses you.
You see here a +0 shortbow.
Huge Dmg: -15%(-18hp) hp: 23%(29hp) Welcome back, RepHenryClay the Gnoll Warper.
Okawaru says: Bring me glory in combat!
Press ? for a list of commands and other information.
You puncture the sun moth!
You kill the sun moth!
Okawaru accepts your kill. The liquid fire burns you!
* * * LOW HITPOINT WARNING * * *
Huge Dmg: -5%(-7hp) hp: 18%(22hp) Welcome back, RepHenryClay the Gnoll Warper.
Okawaru says: Bring me glory in combat!
Press ? for a list of commands and other information.
You hit the culicivora but do no damage.
The culicivora is poisoned.
You bite the culicivora.
The culicivora is lightly wounded.
The liquid fire burns you!
* * * LOW HITPOINT WARNING * * *
Huge Dmg: -6%(-7hp) hp: 12%(15hp) Welcome back, RepHenryClay the Gnoll Warper.
Okawaru says: Bring me glory in combat!
Press ? for a list of commands and other information.
You shake off some of the fire as you move.
The liquid fire burns you!
You die...

#.#.^.#..........#
................##
(..........^#..#
#............##
#..........###
#...#.....##
#..#......†##
#..†..#.#.#.#
#...@#######.#
#..s)# #.# #..s##
# #.# #.(..#># #.#
##.....# ##
$......#^..#
...........#
..........##
..†........


You could see 2 culicivoras.

Vanquished Creatures
  Kirke (D:14)
  A ghost moth (Spider:1)
  A spark wasp (Spider:1)
  Josephine (Lair:4)
  Fannar (Lair:1)
  8 hydras
  Erolcha (Orc:2)
  A rakshasa (D:14)
  Erica (D:11)
  An ogre mage (D:15)
  A merfolk avatar (Lair:5)
  4 catoblepae
  A radroach (Spider:1)
  2 demonspawn (Orc:2)
  4 centaur warriors
  2 boulder beetles
  5 two-headed ogres
  A deep troll earth mage (D:15)
  The ghost of zenocrate the Covert, a journeyman KoDe of Gozag (Lair:1)
  A death knight (D:14)
  3 tengu warriors
  7 orc high priests (Orc:2)
  A soul eater (Orc:2)
  Lodul (D:14)
  4 skysharks (Lair:5)
  A sixfirhy (Orc:2)
  4 orb spiders (Spider:1)
  An arcanist (D:13)
  A sun moth (Spider:1)
  A glowing orange brain (shapeshifter) (D:15)
  A lindwurm (Lair:5)
  6 orc knights
  A deep elf pyromancer (D:15)
  5 harpies
  4 wolf spiders
  5 oklob plants (Lair:1)
  A manticore (D:13)
  5 orc sorcerers
  10 ugly things
  7 cyclopes
  3 kobold blastminers (Orc:2)
  3 elephants (Lair:3)
  Joseph (D:8)
  A meliai (shapeshifter) (D:14)
  A moth of wrath (Spider:1)
  6 black mambas
  A smoke demon (Orc:2)
  A gargoyle (D:11)
  A torpor snail (Lair:1)
  14 cane toads
  Jeremiah (D:6)
  2 unseen horrors (D:10)
  A cane toad (shapeshifter) (D:14)
  An efreet (D:13)
  2 kobold demonologists (Bailey)
  5 rime drakes
  12 komodo dragons
  A tengu conjurer (D:15)
  A queen bee (shapeshifter) (D:14)
  6 trolls
  A red devil (Orc:2)
  5 polar bears
  3 hornets
  A blink frog (Lair:1)
  A dream sheep (Lair:1)
  A snapping turtle (Lair:5)
  A hellwing (Orc:2)
  4 slime creatures (D:13)
  2 culicivoras (Spider:1)
  2 jumping spiders (Lair:3)
  A spriggan (shapeshifter) (D:14)
  A shadow (D:12)
  9 wyverns
  56 yaks
  2 vampires (D:12)
  A ynoxinul (Orc:2)
  4 humans (D:14)
  12 basilisks
  9 wraiths
  A warg (Orc:2)
  6 redbacks
  3 steam dragons
  3 vampire mosquitoes (D:12)
  Edmund (D:5)
  12 water moccasins
  5 acid dragons
  34 orc warriors
  2 laughing skulls (D:13)
  14 ogres
  A sky beast (D:6)
  8 centaurs
  20 wolves
  A phantom (D:4)
  17 bullfrogs
  2 kobold brigands (D:7)
  Blork the orc (D:5)
  4 gnoll sergeants
  2 scorpions
  4 wights (D:10)
  15 killer bees
  A howler monkey (D:10)
  6 electric eels (Bailey)
  32 orc priests
  4 jellies
  2 bombardier beetles
  2 hounds
  A sleepcap (D:6)
  Jessica (D:3)
  6 iguanas
  Terence (D:2)
  Natasha (thrice) (D:2)
  15 orc wizards
  Robin (D:3)
  21 gnolls
  6 adders
  2 white imps
  A dart slug (D:2)
  The ghost of DeathSocks the Sneak, a weakling VSDe (D:5)
  64 orcs
  5 endoplasms
  5 giant cockroaches
  24 goblins
  17 hobgoblins
  3 quokkas
  5 ball pythons
  A bat (D:1)
  3 frilled lizards
  17 kobolds
  2 rats
696 creatures vanquished.

Vanquished Creatures (others)
  A radroach (Spider:1)
  An orc wizard (Orc:2)
  8 fulminant prisms (Lair:1)
10 creatures vanquished.

Grand Total: 706 creatures vanquished

Notes
Turn   | Place    | Note
-------+----------+-------------------------------------------
     0 | D:1      | RepHenryClay the Gnoll Warper began the quest for the Orb.
     0 | D:1      | Reached XP level 1. HP: 20/20 MP: 6/6
   215 | D:1      | Reached XP level 2. HP: 26/26 MP: 7/7
   944 | D:2      | Found Irirhupe's Book Shoppe.
   986 | D:2      | Reached skill level 5 in Spellcasting
   986 | D:2      | Reached XP level 3. HP: 31/31 MP: 7/9
  1011 | D:2      | Noticed Natasha
  1021 | D:2      | Killed Natasha
  1022 | D:2      | Reached skill level 1 in Short Blades
  1022 | D:2      | Reached skill level 1 in Long Blades
  1022 | D:2      | Reached skill level 1 in Axes
  1022 | D:2      | Reached skill level 1 in Polearms
  1022 | D:2      | Reached skill level 1 in Staves
  1022 | D:2      | Reached skill level 1 in Ranged Weapons
  1022 | D:2      | Reached skill level 1 in Stealth
  1022 | D:2      | Reached skill level 1 in Shields
  1022 | D:2      | Reached skill level 1 in Unarmed Combat
  1022 | D:2      | Reached skill level 1 in Invocations
  1022 | D:2      | Reached skill level 1 in Evocations
  1126 | D:2      | Noticed Natasha
  1151 | D:2      | Killed Natasha
  1152 | D:2      | Reached skill level 1 in Conjurations
  1152 | D:2      | Reached skill level 1 in Hexes
  1152 | D:2      | Reached skill level 1 in Summonings
  1152 | D:2      | Reached skill level 1 in Necromancy
  1152 | D:2      | Reached skill level 1 in Fire Magic
  1152 | D:2      | Reached skill level 1 in Ice Magic
  1152 | D:2      | Reached skill level 1 in Air Magic
  1152 | D:2      | Reached skill level 1 in Earth Magic
  1152 | D:2      | Reached skill level 1 in Alchemy
  1152 | D:2      | Reached skill level 1 in Shapeshifting
  1152 | D:2      | Reached XP level 4. HP: 26/38 MP: 11/11
  1252 | D:2      | Noticed Natasha
  1264 | D:2      | Killed Natasha
  1498 | D:2      | Found a basalt altar of Yredelemnul.
  1540 | D:2      | Noticed Terence
  1553 | D:2      | Killed Terence
  1554 | D:2      | Reached XP level 5. HP: 22/43 MP: 12/12
  2089 | D:3      | Noticed Robin
  2131 | D:3      | Killed Robin
  2238 | D:3      | Noticed Jessica
  2246 | D:3      | Killed Jessica
  2314 | D:3      | Found a stormy altar of Qazlal.
  2314 | D:3      | Found an iron altar of Okawaru.
  2493 | D:3      | Reached XP level 6. HP: 44/50 MP: 13/13
  2508 | D:3      | Became a worshipper of Warmaster Okawaru
  2529 | D:3      | Learned a level 2 spell: Blink
  2532 | D:3      | Learned a level 2 spell: Lesser Beckoning
  2537 | D:3      | Learned a level 4 spell: Manifold Assault
  2542 | D:3      | Learned a level 4 spell: Vhi's Electric Charge
  2557 | D:4      | Reached skill level 5 in Fighting
  2557 | D:4      | Reached skill level 5 in Maces & Flails
  2557 | D:4      | Reached skill level 5 in Dodging
  2643 | D:4      | Found a hazy altar of Hepliaklqana.
  2874 | D:4      | Found a broken altar of Ashenzari.
  2919 | D:4      | Found a staircase to the Ecumenical Temple.
  3061 | D:4      | Reached * piety under Okawaru
  3062 | D:4      | Reached XP level 7. HP: 56/56 MP: 2/15
  3249 | D:4      | Found a basalt altar of Yredelemnul.
  3292 | D:5      | Entered Level 5 of the Dungeon
  3401 | D:5      | Found a burning altar of Makhleb.
  3401 | D:5      | Found a snail-covered altar of Cheibriados.
  3442 | D:5      | Noticed a yak
  3472 | D:5      | Killed a yak
  3631 | D:5      | Noticed a yak
  3632 | D:5      | Noticed a yak
  3695 | D:4      | Reached XP level 8. HP: 46/63 MP: 16/16
  3831 | D:5      | Found Hongeadgh's Distillery.
  3845 | D:5      | Bought a potion of heal wounds for 60 gold pieces
  3914 | D:5      | Noticed Edmund
  3933 | D:5      | Killed Edmund
  4115 | D:6      | Noticed Jeremiah
  4416 | D:6      | Found a shadowy altar of Dithmenos.
  4640 | D:6      | Reached ** piety under Okawaru
  5052 | D:6      | Reached XP level 9. HP: 69/69 MP: 18/18
  5182 | D:5      | Found a runed translucent door.
  5218 | D:5      | Noticed DeathSocks's ghost (weakling VSDe)
  5487 | D:5      | Reached skill level 5 in Throwing
  5487 | D:5      | Reached skill level 5 in Armour
  5649 | D:5      | Noticed Blork the orc
  5670 | D:5      | Killed Blork the orc
  5670 | D:5      | Reached *** piety under Okawaru
  5882 | D:5      | Found a runed translucent door.
  5978 | D:5      | Found Hongeadgh's Distillery.
  6123 | D:5      | Found a burning altar of Makhleb.
  6124 | D:5      | Found a snail-covered altar of Cheibriados.
  6516 | D:7      | Reached skill level 5 in Invocations
  6872 | D:7      | Found a radiant altar of Vehumet.
  6872 | D:7      | Found an ancient bone altar of Kikubaaqudgha.
  7073 | D:7      | Found a shimmering blue altar of Sif Muna.
  7079 | D:7      | Got Vehumet's Codex of Concussion
  7667 | D:8      | Identified a scroll of acquirement
  7667 | D:8      | Acquired 737 gold pieces
  8062 | D:8      | Found a flagged portal.
  8181 | Bailey   | Entered a bailey
  8186 | Bailey   | Learned a level 1 spell: Magic Dart
  8194 | Bailey   | Reached skill level 5 in Short Blades
  8194 | Bailey   | Reached skill level 5 in Long Blades
  8194 | Bailey   | Reached skill level 5 in Axes
  8194 | Bailey   | Reached skill level 5 in Polearms
  8194 | Bailey   | Reached skill level 5 in Staves
  8194 | Bailey   | Reached skill level 5 in Ranged Weapons
  8194 | Bailey   | Reached skill level 5 in Stealth
  8194 | Bailey   | Reached skill level 5 in Shields
  8194 | Bailey   | Reached skill level 5 in Unarmed Combat
  8194 | Bailey   | Reached skill level 5 in Evocations
  8194 | Bailey   | Reached XP level 10. HP: 47/77 MP: 13/20
  8484 | Bailey   | Noticed a kobold demonologist
  8512 | Bailey   | Killed a kobold demonologist
  8737 | Bailey   | Acquired 433 gold pieces
  9016 | Bailey   | Reached **** piety under Okawaru
  9065 | Bailey   | Noticed an orc knight
  9132 | Bailey   | Killed an orc knight
  9392 | Bailey   | Reached skill level 5 in Shapeshifting
  9517 | Bailey   | Found an iron altar of Okawaru.
  9517 | Bailey   | Noticed a kobold demonologist
  9533 | Bailey   | Noticed a soul eater
  9536 | Bailey   | Noticed a sixfirhy
  9537 | Bailey   | Killed a kobold demonologist
 10051 | D:8      | Noticed Joseph
 10086 | D:8      | Killed Joseph
 10191 | D:8      | Found a sacrificial altar of Ru.
 10268 | D:8      | Reached ***** piety under Okawaru
 10300 | D:8      | Found a staircase to the Lair.
 10483 | D:8      | Reached skill level 5 in Conjurations
 10483 | D:8      | Reached skill level 5 in Hexes
 10483 | D:8      | Reached skill level 5 in Summonings
 10483 | D:8      | Reached skill level 5 in Necromancy
 10483 | D:8      | Reached skill level 5 in Fire Magic
 10483 | D:8      | Reached skill level 5 in Ice Magic
 10483 | D:8      | Reached skill level 5 in Air Magic
 10483 | D:8      | Reached skill level 5 in Earth Magic
 10483 | D:8      | Reached skill level 5 in Alchemy
 10483 | D:8      | Reached XP level 11. HP: 75/85 MP: 22/22
 11128 | D:9      | Found a blossoming altar of Fedhas.
 11290 | D:9      | Found a staircase to the Orcish Mines.
 11987 | D:8      | Found a staircase to the Lair.
 12046 | D:8      | Found a sacrificial altar of Ru.
 12435 | D:9      | Received a gift from Okawaru
 12739 | D:10     | Entered Level 10 of the Dungeon
 13077 | D:10     | Noticed a centaur warrior
 13098 | D:10     | Killed a centaur warrior
 13545 | D:10     | Noticed a two-headed ogre
 13559 | D:10     | Killed a two-headed ogre
 14049 | D:5      | Killed DeathSocks's ghost
 14852 | D:10     | Received a gift from Okawaru
 14880 | D:10     | Found a hide-covered altar of Uskayaw.
 15073 | D:11     | Reached XP level 12. HP: 85/94 MP: 17/24
 15136 | D:11     | Noticed a two-headed ogre
 15156 | D:11     | Killed a two-headed ogre
 15263 | D:11     | Noticed Erica
 16006 | D:12     | Noticed a two-headed ogre
 16018 | D:12     | Killed a two-headed ogre
 17292 | Orc:1    | Entered Level 1 of the Orcish Mines
 17508 | Orc:1    | Received a gift from Okawaru
 17938 | Orc:2    | Entered Level 2 of the Orcish Mines
 18474 | Orc:2    | Found a staircase to the Elven Halls.
 18792 | Lair:1   | Entered Level 1 of the Lair of Beasts
 19126 | Lair:1   | Noticed Fannar
 19233 | Lair:1   | Killed Fannar
 19318 | Lair:1   | Received a gift from Okawaru
 19539 | Lair:1   | Found a transporter.
 19541 | Lair:1   | Found a transporter.
 19550 | Lair:1   | Noticed zenocrate's ghost (journeyman KoDe)
 19558 | Lair:1   | Noticed a four-headed hydra
 19567 | Lair:1   | Noticed a seven-headed hydra
 19636 | Lair:1   | Noticed a catoblepas
 19678 | Lair:1   | Killed a catoblepas
 19679 | Lair:1   | Reached XP level 13. HP: 82/101 MP: 14/26
 20446 | Lair:1   | Found a transporter.
 20459 | Lair:1   | Found a transporter.
 20838 | Lair:1   | Learned a level 4 spell: Fulminant Prism
 21485 | Lair:2   | Received a gift from Okawaru
 22633 | Lair:3   | Reached skill level 10 in Spellcasting
 23123 | Lair:3   | Found a staircase to the Shoals.
 23133 | Lair:3   | Reached skill level 10 in Fighting
 23133 | Lair:3   | Reached skill level 10 in Maces & Flails
 23133 | Lair:3   | Reached skill level 10 in Dodging
 23149 | Lair:3   | Reached ****** piety under Okawaru
 23159 | Lair:3   | Received a gift from Okawaru
 23165 | Lair:3   | Acquired a +2 lajatang of pain
 23165 | Lair:3   | Received a gift from Okawaru
 23166 | Lair:3   | Acquired the +2 chain mail of the Moon {rElec rPois rF+
                  | Dex-3}
 23166 | Lair:3   | Received a gift from Okawaru
 23532 | Lair:3   | Found a hole to the Spider Nest.
 23918 | Lair:3   | Identified the +3 ring mail of Carved Contentment {Int+3
                  | Dex+2}
 24534 | Lair:4   | Received a gift from Okawaru
 24799 | Lair:4   | Reached XP level 14. HP: 110/110 MP: 24/28
 24827 | Lair:4   | Reached skill level 10 in Invocations
 25515 | Lair:5   | Entered Level 5 of the Lair of Beasts
 25515 | Lair:5   | Noticed Josephine
 25639 | Lair:4   | Killed Josephine
 26106 | Lair:5   | Received a gift from Okawaru
 26506 | Lair:5   | Reached skill level 10 in Throwing
 26506 | Lair:5   | Reached skill level 10 in Armour
 26645 | Lair:5   | Found a viscous altar of Jiyva.
 26645 | Lair:5   | Found a staircase to the Slime Pits.
 26738 | Lair:5   | Received a gift from Okawaru
 27049 | Lair:5   | Identified the staff of Fragile Peace {rF+ Will+ SInv Tloc
                  | Fire}
 28137 | Orc:1    | Found Goiqot's Gadget Gallery.
 28299 | Orc:2    | Reached skill level 10 in Translocations
 28737 | Orc:2    | Found Menumoz's Distillery.
 28892 | Orc:2    | Received a gift from Okawaru
 28939 | Orc:2    | Found Xogakh's General Store.
 28981 | Orc:2    | Noticed Erolcha
 28992 | Orc:2    | Killed Erolcha
 28993 | Orc:2    | Reached skill level 10 in Short Blades
 28993 | Orc:2    | Reached skill level 10 in Long Blades
 28993 | Orc:2    | Reached skill level 10 in Axes
 28993 | Orc:2    | Reached skill level 10 in Polearms
 28993 | Orc:2    | Reached skill level 10 in Staves
 28993 | Orc:2    | Reached skill level 10 in Ranged Weapons
 28993 | Orc:2    | Reached skill level 10 in Stealth
 28993 | Orc:2    | Reached skill level 10 in Shields
 28993 | Orc:2    | Reached skill level 10 in Unarmed Combat
 28993 | Orc:2    | Reached skill level 10 in Evocations
 29312 | Orc:2    | Reached XP level 15. HP: 118/118 MP: 26/30
 29843 | Orc:2    | Bought a scroll of blinking for 90 gold pieces
 29845 | Orc:2    | Bought a potion of heal wounds for 65 gold pieces
 29908 | Orc:2    | Received a gift from Okawaru
 29959 | Orc:2    | Found Geagg's Antique Armour Shoppe.
 29959 | Orc:2    | Found a one-way gate leading to the halls of Pandemonium.
 29959 | Orc:2    | Found Tegerhes's Jewellery Emporium.
 30034 | Orc:2    | Bought an encrusted scale mail for 216 gold pieces
 30034 | Orc:2    | Identified the +8 scale mail of the Engineer {Harm rN++
                  | Int+4} (You bought it in a shop on level 2 of the Orcish
                  | Mines)
 30034 | Orc:2    | Bought an embroidered scarf for 192 gold pieces
 30050 | Orc:2    | Bought the ring of Virtue {rElec rPois Int+3} for 604 gold
                  | pieces
 31616 | D:14     | Received a gift from Okawaru
 31762 | D:14     | Noticed Lodul
 31924 | D:14     | Found a gate to the Vaults.
 32078 | D:14     | Noticed Kirke
 32085 | D:14     | Killed Kirke
 32221 | D:14     | Killed Lodul
 32568 | D:14     | Identified the +9 halberd "Jypp" {holy, rElec Will+}
 32649 | D:15     | Entered Level 15 of the Dungeon
 32687 | D:15     | Received a gift from Okawaru
 32740 | D:15     | Identified the +2 battleaxe of Overwhelming Force {elec,
                  | Will+ Str+2 SInv}
 32783 | D:15     | Upgraded the game from 0.32-a0-128-g77eb882913 to
                  | 0.32-a0-131-g9dbbe29261
 33402 | D:15     | Reached skill level 10 in Shapeshifting
 33445 | D:15     | Reached XP level 16. HP: 82/127 MP: 1/32
 33921 | D:15     | Found a staircase to the Depths.
 34542 | D:11     | Killed Erica
 34858 | D:6      | Found a shadowy altar of Dithmenos.
 35192 | D:6      | Killed Jeremiah
 35427 | Lair:1   | Received a gift from Okawaru
 35439 | Lair:1   | Killed zenocrate's ghost
 35888 | Spider:1 | Entered Level 1 of the Spider Nest
 36245 | Spider:1 | Gained mutation: Your muscles are strong. (Str +4, Int/Dex
                  | -1) [mutagenic glow]
 36548 | Spider:1 | Incinerated by a sun moth

Illustrated notes

Levels and vault maps discovered:
D:1:      saegor_arrival_miasma, layout_loops_ring
D:2:      layout_loops_ring, basic_altar, serial_shops,
          nicolae_shop_window_shopping, uniq_natasha, uniq_terence
D:3:      layout_basic, gammafunk_temple_overflow_wave, skrybe_limestone_x,
          uniq_jessica, uniq_robin
D:4:      layout_cave_pools, nicolae_ashenzari_skybound,
          lemuel_coloured_pillars_altar, nzn_hepliaklqana_mist_gate,
          minmay_temple_entry_poolview, kennysheep_boxes
D:5:      layout_loops_cross, mainiacjoe_overflow_divided_tiny,
          ebering_ghost_sewer_d, serial_shops, shop, uniq_edmund,
          uniq_blork_the_orc
D:6:      layout_basic, mainiacjoe_overflow_small_starburst,
          kennysheep_cross_room, uniq_jeremiah
D:7:      layout_layer_cave, grunt_temple_overflow_magic_moments
D:8:      layout_loops_ring, nicolae_ru_path_of_blood, lair_entry_dummy,
          enter_bailey_3, dk_vineyard_2, chequers_serial_rivers_micro_b,
          uniq_joseph
D:9:      layout_irregular_city, amcnicky_altar_gilded, orc_0_dummy
D:10:     layout_gridville, kennysheep_little_box, minmay_chambers_of_fives
D:11:     layout_roguey, uniq_erica
D:12:     layout_gridville
D:13:     layout_stronghold
D:14:     layout_roguey, david_vaults_2, nicolae_figureground_pulse, uniq_lodul,
          uniq_kirke
D:15:     hellmonk_depths_entry_around_the_bend, layout_basic, item_on_display_a
Lair:1:   minmay_lair_oklob_tunnel, layout_hall_layers, nzn_ghost_randoct,
          grunt_megastairs_5, uniq_fannar
Lair:2:   layout_layer_cave
Lair:3:   layout_cave_pods, nicolae_shoals_entry_roost, spider_nest_entry_a,
          serial_bayou_shore_b, lemuel_fruit_tree
Lair:4:   layout_cave_pods, nicolae_quartered_pool_little
Lair:5:   gammafunk_lair_ancient_temple, layout_gridlike, slime_entry_1,
          serial_bayou_shore_a, uniq_josephine
Spider:1: nicolae_spider_hilbert_zone_3 [nicolae_spider_hilbert_4_sides_2_open,
          nicolae_spider_hilbert_3_sides_1_open,
          nicolae_spider_hilbert_3_sides_1_open,
          nicolae_spider_hilbert_3_sides_1_open,
          nicolae_spider_hilbert_3_sides_1_open,
          nicolae_spider_hilbert_4_sides_1_open,
          nicolae_spider_hilbert_4_sides_1_open,
          nicolae_spider_hilbert_4_sides_1_open,
          nicolae_spider_hilbert_4_sides_1_open,
          nicolae_spider_hilbert_4_sides_1_open,
          nicolae_spider_hilbert_4_sides_1_open,
          nicolae_spider_hilbert_4_sides_1_open,
          nicolae_spider_hilbert_4_sides_1_open,
          nicolae_spider_hilbert_3_sides_1_open,
          nicolae_spider_hilbert_3_sides_1_open,
          nicolae_spider_hilbert_3_sides_1_open,
          nicolae_spider_hilbert_3_sides_1_open]
Orc:1:    minmay_goldmine, layout_caves, nicolae_shop_gadgets
Orc:2:    pf_orc_diabolical, layout_caves,
          regret_index_minedec_shroomtown_chain, uniq_erolcha

Skill      XL: |  1  2  3  4  5  6  7  8  9 10 11 12 13 14 15 16 |
---------------+-------------------------------------------------+-----
Spellcasting   | 5 6 7 8 9 10 11 12 | 12.2
Short Blades   | 1 2 3 5 6 7 8 9 10 11 | 11.2
Long Blades    | 1 2 3 5 6 7 8 9 10 11 | 11.2
Axes           | 1 2 3 5 6 7 8 9 10 11 | 11.2
Polearms       | 1 2 3 5 6 7 8 9 10 11 | 11.2
Staves         | 1 2 3 5 6 7 8 9 10 11 | 11.2
Ranged Weapons | 1 2 3 5 6 7 8 9 10 11 | 11.2
Stealth        | 1 2 3 5 6 7 8 9 10 11 | 11.2
Shields        | 1 2 3 5 6 7 8 9 10 11 | 11.2
Unarmed Combat | 1 2 3 5 6 7 8 9 10 11 | 11.2
Invocations    | 1 2 3 4 5 6 7 8 9 10 11 12 | 12.2
Evocations     | 1 2 3 5 6 7 8 9 10 11 | 11.2
Conjurations   | 1 2 3 4 5 6 7 8 9 |  9.5
Hexes          | 1 2 3 4 5 6 7 8 9 |  9.5
Summonings     | 1 2 3 4 5 6 7 8 9 |  9.5
Necromancy     | 1 2 3 4 5 6 7 8 9 |  9.5
Fire Magic     | 1 2 3 4 5 6 7 8 9 |  9.5
Ice Magic      | 1 2 3 4 5 6 7 8 9 |  9.5
Air Magic      | 1 2 3 4 5 6 7 8 9 |  9.5
Earth Magic    | 1 2 3 4 5 6 7 8 9 |  9.5
Alchemy        | 1 2 3 4 5 6 7 8 9 |  9.5
Shapeshifting  | 1 2 3 4 5 6 7 8 9 10 | 10.3
Throwing       | 3 4 5 6 7 8 9 10 11 | 11.5
Armour         | 3 4 5 6 7 8 9 10 11 | 11.5
Fighting       | 5 6 7 8 9 10 11 12 | 12.1
Maces & Flails | 5 6 7 8 9 10 11 12 | 12.1
Dodging        | 5 6 7 8 9 10 11 12 | 12.1
Translocations | 6 7 8 9 10 | 10.9

Action                     |  1- 3 |  4- 6 |  7- 9 | 10-12 | 13-15 | 16-18 || total
---------------------------+-------+-------+-------+-------+-------+-------++-------
  Melee: Dagger            |    98 |   136 |   306 |   251 |    26 |    12 ||   829
         Mace              |     8 |       |       |       |       |       ||     8
         Bite              |    10 |    17 |    73 |   168 |   223 |    23 ||   514
         Punch             |     1 |     8 |     1 |       |     8 |       ||    18
         Long sword        |       |     6 |       |    63 |       |       ||    69
         Whip              |       |       |    15 |       |       |       ||    15
         Rapier            |       |       |   196 |   934 |   382 |       ||  1512
         Flail             |       |       |       |     5 |       |       ||     5
         Lajatang          |       |       |       |       |   706 |       ||   706
         War axe           |       |       |       |       |    35 |       ||    35
         Unarmed           |       |       |       |       |     1 |       ||     1
         Scimitar          |       |       |       |       |   334 |    98 ||   432
         Short sword       |       |       |       |       |       |    48 ||    48
  Throw: Dart              |       |       |     2 |    69 |    61 |    17 ||   149
         Throwing net      |       |       |       |     1 |       |       ||     1
         Javelin           |       |       |       |       |       |     1 ||     1
   Cast: Manifold Assault  |       |     4 |       |     9 |     3 |       ||    16
         Blink             |       |       |     2 |     1 |     4 |       ||     7
         Lesser Beckoning  |       |       |     1 |       |       |       ||     1
         Magic Dart        |       |       |     7 |    36 |       |       ||    43
         Fulminant Prism   |       |       |       |       |     8 |       ||     8
         Vhi's Electric Ch |       |       |       |       |     2 |     1 ||     3
 Invoke: Heroism           |       |       |       |     5 |    14 |     2 ||    21
         Receive Weapon    |       |       |       |       |     1 |       ||     1
         Receive Armour    |       |       |       |       |     1 |       ||     1
  Evoke: Wand              |       |       |       |     2 |     3 |     1 ||     6
         Condenser vane    |       |       |       |       |     1 |     1 ||     2
    Use: Scroll            |       |       |    19 |     8 |     7 |     1 ||    35
         Potion            |       |       |     1 |     1 |     4 |     1 ||     7
   Stab: Sleeping          |     1 |     3 |     5 |     7 |    10 |     3 ||    29
         Distracted        |       |       |       |     1 |     6 |       ||     7
         Held in net/web   |       |       |       |     1 |       |       ||     1
         Petrifying        |       |       |       |       |     2 |       ||     2
         Petrified         |       |       |       |       |     1 |       ||     1
 Armour: Leather armour    |    45 |    51 |   275 |   190 |       |       ||   561
         Acid dragon scale |       |       |       |   538 |   702 |       ||  1240
         Ring mail         |       |       |       |       |    53 |       ||    53
         Scale mail        |       |       |       |       |   273 |   117 ||   390
  Dodge: Dodged            |    55 |    73 |   244 |   739 |  1001 |    58 ||  2170
  Block: Buckler           |       |       |   110 |   296 |   138 |       ||   544
         Kite shield       |       |       |       |       |   108 |    69 ||   177

Table legend: (Time is in decaauts)
 A = Elapsed time spent in this place.
 B = Non-inter-level travel time spent in this place.
 C = Inter-level travel time spent in this place.
 D = Time resting spent in this place.
 E = Time spent auto-exploring this place.
 F = Levels seen in this place.
 G = Mean time per level.
                   A        B        C        D        E       F      G
               +--------+--------+--------+--------+--------+-----+--------+
         Total |  36204 |  33490 |   2714 |   2838 |  23018 |  24 | 1508.5 |
       Dungeon |  20905 |  19213 |   1692 |   1113 |  14170 |  15 | 1393.7 |
          Lair |   9242 |   8718 |    524 |    516 |   6203 |   5 | 1848.4 |
   Spider Nest |    617 |    561 |     56 |     45 |    351 |   1 |  617.0 |
  Orcish Mines |   3710 |   3270 |    440 |    354 |   1995 |   2 | 1855.0 |
        Bailey |   1727 |   1727 |      0 |    810 |    298 |   1 | 1727.0 |
               +--------+--------+--------+--------+--------+-----+--------+

Top non-repeatable levels by time:
  Lair:1: 2753 daAuts
   Orc:2: 2566 daAuts
     D:5: 2155 daAuts
     D:8: 1998 daAuts
  Lair:5: 1932 daAuts
    D:10: 1853 daAuts
     D:6: 1777 daAuts
  Lair:3: 1747 daAuts
  Bailey: 1727 daAuts
    D:15: 1651 daAuts
     D:9: 1633 daAuts
  Lair:2: 1433 daAuts
     D:7: 1403 daAuts
  Lair:4: 1374 daAuts
    D:12: 1323 daAuts
